 Dungeon Crawl Stone Soup version 0.27.1 (webtiles) character file.

Game seed: 2001059421640162690

10245 pkoi the Grappler (level 11, -14/88 (106) HPs)
             Began as a Troll Gladiator on Aug 27, 2021.
             Was an Elder of Fedhas.
             Killed from afar by Nergalle (32 damage)
             ... with a bolt of negative energy
             ... on level 10 of the Dungeon.
             The game lasted 00:11:59 (7793 turns).

pkoi the Grappler (Troll Gladiator)                 Turns: 7793, Time: 00:12:00

HP:   -14/88 (106)  AC:  9    Str: 26    XL:     11   Next: 33%
MP:   10/14         EV: 11    Int:  5    God:    Fedhas [****..]
Gold: 607           SH:  0    Dex: 11    Spells: 10/10 levels left

rFire    . . .     SeeInvis .     - Unarmed
rCold    . . .     Faith    .   (no shield)
rNeg     . . .     Spirit   .   B - +0 troll leather armour
rPois    .         Reflect  .   b - +1 hat
rElec    .         Harm     .   m - +1 cloak
rCorr    .         Rampage  .   (gloves unavailable)
Will     .....                  (boots unavailable)
Stlth    +.........             (no amulet)
HPRegen  2.24/turn              (no ring)
MPRegen  0.14/turn              (no ring)

@: heavily drained
A: large, unfitting armour, claws 3, regeneration 1, shaggy fur 1, tough skin 1
a: Renounce Religion, Wall of Briars, Grow Ballistomycete, Overgrow


You were on level 10 of the Dungeon.
You worshipped Fedhas.
Fedhas was greatly pleased with you.
You visited 2 branches of the dungeon, and saw 11 of its levels.

You collected 607 gold pieces.

Inventory:

Missiles
 c - 5 throwing nets
 j - 31 poisoned darts (quivered)
 v - 5 boomerangs
Armour
 a - a +0 robe
 b - a +1 hat (worn)
 m - a +1 cloak (worn)
 B - a +0 troll leather armour (worn)
Jewellery
 g - a ring of wizardry
 h - an amulet of faith
 x - a ring of ice
Wands
 p - a wand of charming (5)
 t - a wand of digging (17)
 u - a wand of flame (15)
Scrolls
 e - 5 scrolls of identify
 k - 3 scrolls of blinking
 n - 3 scrolls of teleportation
 o - a scroll of enchant weapon
 r - 3 scrolls of amnesia
 w - a scroll of holy word
 y - a scroll of acquirement {unknown}
 A - a scroll of summoning
Potions
 d - a potion of invisibility
 f - a potion of lignification
 i - 3 potions of curing
 l - 3 potions of flight
 q - a potion of haste
 s - 3 potions of heal wounds
 z - 2 potions of ambrosia {unknown}
 C - 2 potions of brilliance {unknown}


   Skills:
 + Level 6.3 Fighting
 + Level 7.0 Throwing
 + Level 6.6 Dodging
 + Level 11.5 Unarmed Combat
 + Level 5.3 Invocations


You had 10 spell levels left.
You didn't know any spells.
Your spell library contained the following spells:

 Spells                   Type           Power      Damage    Failure   Level
 Sting                    Tmut/Pois      0%         1d3       52%         1
 Poisonous Vapours        Pois/Air       0%         N/A       67%         2
 Sublimation of Blood     Necr           0%         N/A       67%         2
 Call Canine Familiar     Summ           0%         N/A       88%         3
 Gell's Gravitas          Tloc           0%         N/A       88%         3
 Portal Projectile        Hex/Tloc       0%         N/A       88%         3
 Teleport Other           Tloc           0%         N/A       88%         3
 Animate Armour           Summ/Erth      0%         N/A       99%         4
 Leda's Liquefaction      Hex/Erth       0%         N/A       99%         4
 Olgreb's Toxic Radiance  Pois           0%         N/A       99%         4
 Petrify                  Tmut/Erth      0%         N/A       99%         4
 Blade Hands              Tmut           0%         N/A       100%        5
 Irradiate                Conj/Tmut      0%         3d13      100%        5
 Iron Shot                Conj/Erth      0%         9d1       100%        6
 Disjunction              Tloc           0%         N/A       100%        8


Dungeon Overview and Level Annotations

Branches:
Dungeon (10/15)            Temple (1/1) D:4            Lair (0/6) D:10
    Orc (0/2) D:9

Altars:
Ashenzari
Cheibriados
Dithmenos
Elyvilon
Fedhas
Gozag
Hepliaklqana
Kikubaaqudgha
Makhleb
Nemelex Xobeh
Okawaru
Qazlal
Ru
Sif Muna
Trog
Uskayaw
Vehumet
Wu Jian
Xom
Yredelemnul
Zin
The Shining One

Shops:
D:4 [   D:6 :

Annotations:
D:3 2 transporters, IBeShadow's ghost, amateur DrFE
D:5 1 runed translucent door, calewdscratch's ghost, amateur DrAE
D:10 2 transporters, Nergalle


Innate Abilities, Weirdness & Mutations

You are too large for most types of armour.
You have claws for hands.
Your natural rate of healing is unusually fast.
You are covered in fur. (AC +1)
You have tough skin. (AC +1)


Message History

Nergalle gestures at you while chanting.
Orcish apparitions take form around you.
You closely miss Nergalle.
Nergalle is moderately wounded.
Nergalle hits you with a +0 dagger.
You scratch Nergalle.
Nergalle is moderately wounded.
The spectral orc warrior barely misses you.
The spectral orc misses you.
You closely miss Nergalle.
Nergalle is moderately wounded.
Nergalle casts a spell at you. The bolt of negative energy hits you!!!
You feel drained.
The bolt of negative energy hits the spectral orc warrior.
The spectral orc warrior completely resists.
The spectral orc warrior hits you but does no damage.
The spectral orc hits you but does no damage.
Press: ? - help, Dir - move target A ballistomycete grows from the ground.
You can no longer grow an oklob plant.
Nergalle hits you but does no damage. The spectral orc misses you.
The spectral orc warrior hits you with a +0 battleaxe!
You scratch Nergalle but do no damage.
Nergalle is moderately wounded.
Nergalle hits you but does no damage. The spectral orc barely misses you.
The spectral orc warrior hits you but does no damage.
You mangle Nergalle!!
Nergalle is severely wounded.
Nergalle gestures at you while chanting.
The bolt of negative energy hits you!!!
You feel drained.
* * * LOW HITPOINT WARNING * * *
The bolt of negative energy misses the spectral orc warrior.
A ballistomycete spore comes into view.
The spectral orc hits you but does no damage.
Nergalle casts a spell at you.
The bolt of negative energy hits the spectral orc.
The spectral orc completely resists.
The bolt of negative energy hits you!!
You feel drained.
You die...
Fedhas appreciates your contribution to the ecosystem.

......#... ##.........
#.....>.... .......... ....
#..........## ...... #
.#?P*........ .......
##..#o......... .......
#..##Z........ ## .......
####..#@Z....... .#
.......###.#.........(.###.##
........................#...#
.....##...............#.....#
...........................#
.......###.................##
#......###..................#
#........##.#...............#
#........####...............#.


You could see Nergalle (ally target), a spectral orc (summoned), a spectral orc
warrior (summoned), a friendly ballistomycete (summoned) and a friendly
ballistomycete spore.

Vanquished Creatures
  5 death yaks
  2 two-headed ogres (D:10)
  Pikel (D:6)
  An efreet (D:9)
  2 trolls (D:9)
  A centaur simulacrum (D:10)
  3 yaks (D:9)
  A wraith (D:10)
  2 wyverns
  A steam dragon (D:9)
  A water moccasin (D:8)
  2 orc warriors (D:9)
  A black bear (D:6)
  An ice beast (D:5)
  2 sky beasts
  2 ogres (D:5)
  A necrophage (D:5)
  3 centaurs
  A phantom (D:6)
  A kobold brigand (D:8)
  2 bullfrogs (D:8)
  A gnoll sergeant (D:10)
  2 scorpions
  A wyvern skeleton (D:6)
  5 killer bees (D:6)
  17 wights
  A howler monkey (D:9)
  4 bullfrog zombies
  3 hounds
  A jelly (D:6)
  2 gnoll shamans
  4 orc priests
  A bullfrog skeleton (D:7)
  4 iguanas
  Ijyb (D:3)
  7 orc wizards
  A hound skeleton (D:2)
  A howler monkey zombie (D:9)
  19 gnolls
  A howler monkey skeleton (D:6)
  6 adders
  A shadow imp (D:6)
  A white imp (D:7)
  3 worms
  2 dart slugs
  31 orcs
  2 bats
  2 endoplasms (D:4)
  2 giant cockroaches (D:2)
  6 goblins
  7 hobgoblins
  2 jackals (D:1)
  17 kobolds
  3 quokkas
  A ball python (D:2)
  A frilled lizard (D:2)
  A rat (D:3)
  A ballistomycete spore (D:9)
201 creatures vanquished.

Vanquished Creatures (collateral kills)
  2 orcs (D:4)
  6 ballistomycete spores (D:9)
8 creatures vanquished.

Vanquished Creatures (others)
  6 withered plants (D:4)
6 creatures vanquished.

Grand Total: 215 creatures vanquished

Notes
Turn   | Place    | Note
-------+----------+-------------------------------------------
     0 | D:1      | pkoi the Troll Gladiator began the quest for the Orb.
     0 | D:1      | Reached XP level 1. HP: 19/19 MP: 0/0
   110 | D:1      | Reached XP level 2. HP: 27/27 MP: 1/1
   356 | D:1      | Found a faded altar of an unknown god.
   367 | D:1      | Became a worshipper of Fedhas Madash
   367 | D:1      | Reached * piety under Fedhas
   429 | D:1      | Reached skill level 4 in Unarmed Combat
   517 | D:2      | Reached XP level 3. HP: 31/33 MP: 2/2
   893 | D:2      | Got the Reference Book on the Traveller
  1150 | D:3      | Found a transporter.
  1166 | D:3      | Found a shimmering blue altar of Sif Muna.
  1209 | D:3      | Reached XP level 4. HP: 41/41 MP: 3/3
  1241 | D:3      | Found a transporter.
  1332 | D:3      | Noticed Ijyb
  1347 | D:3      | Killed Ijyb
  1348 | D:3      | Reached skill level 5 in Unarmed Combat
  1418 | D:3      | Noticed a sky beast
  1420 | D:3      | Noticed IBeShadow's ghost (amateur DrFE)
  1508 | D:3      | Reached ** piety under Fedhas
  1832 | D:4      | Found a staircase to the Ecumenical Temple.
  1847 | Temple   | Entered the Ecumenical Temple
  2292 | D:4      | Reached XP level 5. HP: 36/48 MP: 4/4
  2345 | D:4      | Reached skill level 6 in Unarmed Combat
  2473 | D:4      | Reached skill level 7 in Unarmed Combat
  2473 | D:4      | Reached XP level 6. HP: 16/55 MP: 5/5
  2525 | D:4      | Found Irphaum's Armour Boutique.
  2540 | D:4      | Found a glowing silver altar of Zin.
  2677 | D:4      | Found an ancient bone altar of Kikubaaqudgha.
  2733 | D:4      | Found a blossoming altar of Fedhas.
  2960 | D:5      | Entered Level 5 of the Dungeon
  3205 | D:5      | Found a runed translucent door.
  3240 | D:5      | Noticed calewdscratch's ghost (amateur DrAE)
  3290 | D:5      | Reached skill level 8 in Unarmed Combat
  3290 | D:5      | Reached XP level 7. HP: 53/62 MP: 6/6
  3356 | D:5      | Found a white marble altar of Elyvilon.
  3514 | D:5      | Reached skill level 9 in Unarmed Combat
  3793 | D:6      | Found Qoaff's Book Shop.
  4016 | D:6      | Reached *** piety under Fedhas
  4023 | D:6      | Reached XP level 8. HP: 72/72 MP: 7/7
  4027 | D:6      | Noticed Pikel
  4044 | D:6      | Killed Pikel
  4126 | D:6      | Found an ornate altar of the Wu Jian Council.
  4133 | D:6      | Found a bloodstained altar of Trog.
  4521 | D:6      | Reached XP level 9. HP: 67/83 MP: 8/8
  4533 | D:6      | Reached skill level 10 in Unarmed Combat
  4716 | D:6      | Found a basalt altar of Yredelemnul.
  5417 | D:7      | Reached skill level 1 in Invocations
  5421 | D:7      | Reached **** piety under Fedhas
  5573 | D:8      | Found a hazy altar of Hepliaklqana.
  6311 | D:9      | Noticed an efreet
  6322 | D:9      | Killed an efreet
  6323 | D:9      | Reached skill level 5 in Throwing
  6323 | D:9      | Reached skill level 5 in Dodging
  6437 | D:9      | Noticed a troll
  6445 | D:9      | Killed a troll
  6603 | D:9      | Reached XP level 10. HP: 83/94 MP: 11/11
  6636 | D:9      | Found a shimmering altar of Xom.
  6658 | D:9      | Reached skill level 5 in Fighting
  6947 | D:9      | Found a staircase to the Orcish Mines.
  7268 | D:10     | Entered Level 10 of the Dungeon
  7290 | D:9      | Reached ***** piety under Fedhas
  7378 | D:10     | Noticed a two-headed ogre
  7381 | D:10     | Noticed a two-headed ogre
  7384 | D:10     | Killed a two-headed ogre
  7385 | D:10     | Reached skill level 11 in Unarmed Combat
  7392 | D:10     | Killed a two-headed ogre
  7434 | D:10     | Noticed a cyclops
  7434 | D:10     | Noticed a moth of wrath
  7444 | D:10     | Found a transporter.
  7447 | D:10     | Found a transporter.
  7566 | D:10     | Noticed a death yak
  7566 | D:10     | Noticed a death yak
  7595 | D:9      | Killed a death yak
  7617 | D:10     | Killed a death yak
  7618 | D:10     | Reached XP level 11. HP: 34/105 MP: 13/13
  7663 | D:10     | Noticed a death yak
  7663 | D:10     | Noticed a death yak
  7664 | D:10     | Noticed a death yak
  7689 | D:9      | Killed a death yak
  7690 | D:9      | Reached skill level 5 in Invocations
  7733 | D:9      | Killed a death yak
  7739 | D:9      | Killed a death yak
  7778 | D:10     | Noticed Nergalle
  7780 | D:10     | Found a staircase to the Lair.
  7793 | D:10     | Killed from afar by Nergalle

Illustrated notes

Levels and vault maps discovered:
D:1:      scummos_arrival_checkerplants, layout_loops_ring,
          shapermc_ecumenical_altar_notcrosses, amcnicky_mini_pool_small,
          minmay_distorted
D:2:      layout_loops_cross
D:3:      layout_loops_cross, lemuel_crystal_altar, gammafunk_ghost_arena,
          uniq_ijyb
D:4:      cheibrodos_pilgrimage, layout_basic, kennysheep_mini,
          kiku_gazebo_garden_becter, mainiacjoe_overflow_boulevard,
          minmay_temple_entry_mist, serial_shops, nicolae_take_the_stairs,
          hangedman_decor_points, minivault_27
D:5:      layout_gridville, nicolae_elyvilon_peaceful_grove,
          ebering_ghost_sewer_d, hangedman_glass_teeth
D:6:      layout_loops_cross, general_overflow_altar,
          amethyst_overflow_temple_binary, serial_shops, shop, uniq_pikel
D:7:      layout_basic, serial_bayou_lagoon_a
D:8:      layout_basic, nicolae_hepliaklqana_hazy_memory
D:9:      layout_cave_pods, mainiacjoe_overflow_cross_hatched, orc_0_dummy
D:10:     layout_cave_pools, dpeg_lair_monsters,
          gammafunk_ghost_wrathful_warriors, uniq_nergalle
Temple:   minmay_temple_forest_path

Skill      XL: |  1  2  3  4  5  6  7  8  9 10 11 |
---------------+----------------------------------+-----
Unarmed Combat | 4 5 7 8 9 10 11 | 11.5
Fighting       | 2 3 4 6 |  6.3
Throwing       | 2 4 5 6 7 |  7.0
Dodging        | 4 5 6 |  6.6
Invocations    | 3 4 5 |  5.3

Action                   |  1- 3 |  4- 6 |  7- 9 | 10-12 || total
-------------------------+-------+-------+-------+-------++-------
Melee: Unarmed           |    74 |    84 |   288 |   161 ||   607
       Punch             |     1 |     1 |    13 |    12 ||    27
Throw: Dart              |       |       |    21 |       ||    21
Invok: Wall of Briars    |       |     1 |       |       ||     1
       Grow Ballistomyce |       |       |       |     2 ||     2
  Use: Scroll            |       |    13 |     4 |     1 ||    18
 Stab: Sleeping          |     2 |     1 |       |       ||     3
       Confused          |       |       |       |     1 ||     1
Armor: Robe              |    16 |    12 |    57 |       ||    85
       Troll leather arm |       |       |     3 |    48 ||    51
Dodge: Dodged            |    25 |    24 |   122 |    97 ||   268
